 Dungeon Crawl Stone Soup version 0.17-a0-1663-gb806841 (webtiles) character file.

41 Edric the Grave Robber (level 3, -1/24 HPs)
             Began as a Mummy Necromancer on Aug 17, 2015.
             Slain by a gnoll
             ... wielding a +0 halberd
              (16 damage)
             ... on level 2 of the Dungeon.
             The game lasted 00:16:20 (1823 turns).

Edric the Grave Robber (Mummy Necromancer)          Turns: 1823, Time: 00:16:20

Health: -1/24      AC:  3    Str: 11    XL:     3   Next: 32%
Magic:  1/6        EV: 12    Int: 15    God:
Gold:   124        SH:  0    Dex: 12    Spells: 2 memorised, 5 levels left

rFire  . . .     SeeInvis .     g - +1 short sword (venom)
rCold  + . .     Clarity  .     a - +1 robe
rNeg   + + +     SustAt   .     (no shield)
rPois  ∞         Gourm    +     (no helmet)
rElec  .         Spirit   .     (no cloak)
rCorr  .         Warding  .     (no gloves)
rMut   .         Stasis   .     (no boots)
MR     .....                    i - amulet of the gourmand
Stlth  ++........               h - ring of flight
                                d - ring of protection from fire

@: not resistant to hostile enchantments, unstealthy
A: no food or potions, fire vulnerability, cold resistance 1, negative energy
resistance 3, torment resistance, unbreathing
a: Evoke Flight


You were on level 2 of the Dungeon.
You were not hungry.

You visited 1 branch of the dungeon, and saw 2 of its levels.

You collected 124 gold pieces.

Inventory:

Hand weapons
 e - a +0 spear (quivered)
 g - a +1 short sword of venom (weapon)
Armour
 a - a +1 robe (worn)
Jewellery
 d - a ring of protection from fire (left hand)
 h - a ring of flight (right hand)
 i - an amulet of the gourmand (around neck)
Scrolls
 l - 3 scrolls of identify
Books
 b - a book of Necromancy

   Spells                             Type                      Level
   a - Pain                           Necromancy                   1
   b - Animate Skeleton               Necromancy                   1
   c - Vampiric Draining              Necromancy                   3
   d - Regeneration                   Charms/Necromancy            3
   e - Animate Dead                   Necromancy                   4
   f - Control Undead                 Necromancy                   4
Comestibles
 c - a slice of pizza
 f - 2 meat rations


   Skills:
 + Level 1.7 Dodging
 + Level 1.9 Stealth
 + Level 2.5 Spellcasting
 + Level 4.6 Necromancy


You had 5 spell levels left.
You knew the following spells:

 Your Spells              Type           Power        Failure   Level  Hunger
a - Pain                  Necr           ###.         3%          1    N/A
b - Animate Skeleton      Necr           N/A          3%          1    N/A

Dungeon Overview and Level Annotations

Branches:
Dungeon (2/15)

Altars:
Zin

Shops:
D:2 *


Innate Abilities, Weirdness & Mutations

You do not eat or drink.
Your flesh is vulnerable to fire.
You are immune to poison.
Your flesh is cold resistant.
You are immune to negative energy.
You are immune to unholy pain and torment.
You can survive without breathing.


Message History

Aim: a gnoll, wielding a halberd (chance to defeat MR: 80%)
The gnoll convulses in agony!
You see here a throwing net.
You see here a club.
Casting: Pain
Confirm with . or Enter, or press ? or * to list all spells.
Aiming: Pain
Press: ? - help, Shift-Dir - straight line, f/p - gnoll
Aim: a gnoll, wielding a halberd (lightly wounded, chance to defeat MR: 80%)
The gnoll convulses in agony!
The gnoll hits you from afar with a halberd!
Casting: Pain
Confirm with . or Enter, or press ? or * to list all spells.
Aiming: Pain
Press: ? - help, Shift-Dir - straight line, f/p - gnoll
Aim: a gnoll, wielding a halberd (moderately wounded, chance to defeat MR: 80%)
The gnoll convulses in agony!
The gnoll hits you from afar with a halberd!
Ouch! That really hurt!
You die...

#################
#..........Z....#
#.#############.#
#.# #@# ***** #.#
#.# ****,,,, #.#
*********#g#
*,,,,,,, #.#
*,,,,,,,,#.#
*,,,,,,,
##.#****,*****,#.#
*,,,,,,,
...#,,,,,,,,,,,#.#
****,***
####*,**,******#.#
*********,***
*,**,* ****#)#
*,,,,,,,*,,,,
*,**,* *,,,#.#
*,,,,,,,,,,*#


You could see a gnoll.

Vanquished Creatures
  A gnoll (D:2)
  A worm (D:2)
  2 bats (D:1)
  2 giant cockroaches (D:1)
  5 goblins
  2 hobgoblins
  8 jackals (D:1)
  A kobold (D:1)
  2 rats (D:1)
24 creatures vanquished.

Vanquished Creatures (collateral kills)
  A hobgoblin (D:2)
  A bat (D:1)
2 creatures vanquished.

Grand Total: 26 creatures vanquished

Notes
Turn   | Place    | Note
--------------------------------------------------------------
     0 | D:1      | Edric the Mummy Necromancer began the quest for the Orb.
     0 | D:1      | Reached XP level 1. HP: 13/13 MP: 3/3
     0 | D:1      | Noticed a centaur
     1 | D:1      | Noticed a vine stalker
     1 | D:1      | Noticed an octopode
     3 | D:1      | Noticed a felid
     7 | D:1      | Noticed an octopode
    12 | D:1      | Noticed a troll
    12 | D:1      | Noticed a formicid
    14 | D:1      | Noticed a formicid
    16 | D:1      | Noticed a naga
    16 | D:1      | Noticed a formicid
    18 | D:1      | Noticed a troll
    33 | D:1      | Learned a level 1 spell: Animate Skeleton
   569 | D:1      | Reached XP level 2. HP: 19/19 MP: 1/5
  1449 | D:2      | Reached XP level 3. HP: 11/24 MP: 0/6
  1615 | D:2      | Found a glowing silver altar of Zin.
  1617 | D:2      | Found Zin's Purification Station.
  1823 | D:2      | Slain by a gnoll

Vault maps used:
D:1:      shiori_arrival_whats_in_store_for_you, amethyst_killhole
D:2:      zin_purify, minivault_4

Action                   || total
-------------------------++-------
Melee: Short sword       ||    27
 Cast: Pain              ||    35
       Animate Skeleton  ||     9
  Use: Scroll            ||     6
 Stab: Distracted        ||     1
